 Dungeon Crawl Stone Soup version 0.25-a0-890-g62861fb (webtiles) character file.

Game seed: 8822197354492265847, levelgen mode: deterministic

51062 tbh1313 the Peltast (level 14, -31/126 HPs)
             Began as a Gargoyle Fighter on May 8, 2020.
             Was a High Priest of Ashenzari.
             Killed from afar by Jorgrun (49 damage)
             ... with an iron shot
             ... on level 13 of the Dungeon.
             The game lasted 00:52:12 (22099 turns).

tbh1313 the Peltast (Gargoyle Fighter)             Turns: 22099, Time: 00:52:13

Health: -31/126    AC: 27    Str: 28    XL:     14   Next: 58%
Magic:  14/14      EV:  2    Int: 10    God:    Ashenzari [*****.]
Gold:   1487       SH: 28    Dex: 12    Spells: 13/13 levels left

rFire    . . .     SeeInvis +   J - +4 whip (freeze) (curse)
rCold    . . .     Gourm    .   j - +1 tower shield
rNeg     + + +     Faith    .   (armour currently unavailable)
rPois    ∞         Spirit   .   (helmet currently unavailable)
rElec    .         Reflect  +   (cloak currently unavailable)
rCorr    .         Harm     .   (gloves currently unavailable)
MR       +....     Clarity  +   (boots currently unavailable) Stlth +.........NoTele +
                                G - +4 amulet of reflection (curse)
HPRegen  0.31/turn              t - +3 ring of dexterity
MPRegen  0.14/turn              y - +4 ring of strength (curse)

@: tree-form
A: negative energy resistance 1, petrification resistance, rot immunity, AC +10
a: Curse Item, Scrying, Transfer Knowledge, Renounce Religion


You were on level 13 of the Dungeon.
You worshipped Ashenzari.
Ashenzari was extremely pleased with you.
You were not hungry.
You were a tree.
You visited 3 branches of the dungeon, and saw 20 of its levels.
You also visited: Ice Cave.

You collected 1487 gold pieces.

Inventory:

Hand Weapons
 a - a +3 whip of venom
 J - a cursed +4 whip of freezing (weapon)
Missiles
 u - 15 javelins (quivered)
Armour
 e - a cursed +3 chain mail of cold resistance (melded)
 j - a +1 tower shield (worn)
 D - a cursed +2 pair of gloves (melded)
 K - a cursed scarf of resistance (melded)
Jewellery
 g - an uncursed ring of fire
 o - an uncursed ring of ice
 t - a +3 ring of dexterity (left branch)
 y - a cursed +4 ring of strength (right branch)
 G - a cursed +4 amulet of reflection (around neck)
 H - an uncursed ring of fire
 O - an uncursed ring of ice
Wands
 d - a wand of digging (8)
 p - a wand of flame (36)
 r - a wand of paralysis (11)
 w - a wand of disintegration (16)
 z - a wand of scattershot (2)
 C - a wand of iceblast (5)
 M - a wand of polymorph (10)
Scrolls
 h - 2 scrolls of fog
 l - 7 scrolls of teleportation
 n - 5 scrolls of magic mapping
 q - a scroll of silence
 s - 4 scrolls of identify
 x - a scroll of fear
 B - a scroll of acquirement
 E - 2 scrolls of amnesia
 F - 2 scrolls of blinking
 N - a scroll of summoning
 P - a scroll of torment
Potions
 b - 4 potions of haste
 c - a potion of heal wounds
 k - 6 potions of curing
 m - a potion of stabbing
 v - 2 potions of might
 A - a potion of lignification
 I - a potion of cancellation
 L - 3 potions of brilliance
Miscellaneous
 i - a tin of tremorstones
Comestibles
 f - 24 rations
 Q - 2 chunks of flesh


   Skills:
 - Level 8.4 Fighting
 - Level 12.1(15.8) Maces & Flails
 - Level 7.0 Throwing
 - Level 3.2(6.7) Armour
 - Level 6.9 Dodging
 + Level 18.5 Shields


You had 13 spell levels left.
You didn't know any spells.
Your spell library contained the following spells:

 Spells                   Type           Power        Failure   Level  Hunger
 Freeze                   Ice            #...         58%         1    ##.....
 Magic Dart               Conj           #...         58%         1    ##.....
 Searing Ray              Conj           #.....       75%         2    ###....
 Confusing Touch          Hex            #.......     92%         3    ####...
 Dazzling Flash           Conj/Hex       #.....       92%         3    ####...
 Frozen Ramparts          Ice            #.....       92%         3    ####...
 Gell's Gravitas          Tloc           #.........   92%         3    ####...
 Ozocubu's Armour         Chrm/Ice       #.......     92%         3    ####...
 Teleport Other           Tloc           #.......     92%         3    ####...
 Animate Dead             Necr           N/A          100%        4    #####..
 Fulminant Prism          Conj/Hex       #.........   100%        4    #####..
 Hailstorm                Conj/Ice       #.......     100%        4    #####..
 Iskenderun's Mystic Bla  Conj/Tloc      #.......     100%        4    #####..
 Passage of Golubria      Tloc           N/A          100%        4    #####..
 Petrify                  Tmut/Erth      #.......     100%        4    #####..
 Summon Ice Beast         Ice/Summ       #.......     100%        4    #####..
 Summon Lightning Spire   Summ/Air       #.......     100%        4    #####..
 Metabolic Englaciation   Hex/Ice        #.........   100%        5    ######.
 Silence                  Hex/Air        #.........   100%        5    ######.
 Yara's Violent Unravell  Hex/Tmut       #.........   100%        5    ######.
 Conjure Ball Lightning   Conj/Air       #.........   100%        6    #######
 Tornado                  Air            #.........   100%        9    #######


Dungeon Overview and Level Annotations

Branches:
Dungeon (13/15)            Temple (1/1) D:7            Lair (6/6) D:9
  Swamp (0/4) Lair:3       Spider (0/4) Lair:3        Slime (0/5) Lair:5
    Orc (0/2) D:11          IceCv (visited)
 Vaults: D:13-14

Altars:
Ashenzari
Cheibriados
Dithmenos
Elyvilon
Fedhas
Gozag
Hepliaklqana
Kikubaaqudgha
Makhleb
Nemelex Xobeh
Okawaru
Qazlal
Ru
Sif Muna
Trog
Uskayaw
Vehumet
Wu Jian
Xom
Yredelemnul
Zin
The Shining One

Shops:
D:10 :   D:11 %

Annotations:
D:13 Jorgrun


Innate Abilities, Weirdness & Mutations

You are resistant to torment.
((Your stone body is resilient. (AC +10)))
You are immune to poison.
((Your large and strong wings let you fly indefinitely.))
You resist negative energy. (rN+)
((You are resistant to electric shocks. (rElec)))
((You can survive without breathing.))
You are immune to petrification.
You are immune to rotting.


Message History

* * * LOW HITPOINT WARNING * * *
The grasping roots constrict you.
The grasping roots release their grip on you.
Evoke which item? (* to show all) (? for menu, Esc to quit)
Aiming: Scattershot
Press: ? - help, Shift-Dir - straight line, f - Jorgrun
Aim: Jorgrun, wielding a staff of earth and wearing a +1 robe of fire resistance (severely wounded)
The burst of metal fragments hits Jorgrun but does no damage.
The burst of metal fragments hits Jorgrun. x2
The burst of metal fragments hits Jorgrun!
Jorgrun is almost dead.
You block Jorgrun's attack.
Evoke which item? (* to show all) (? for menu, Esc to quit)
Aiming: Disintegrate
Press: ? - help, Shift-Dir - straight line, f/p - Jorgrun
Aim: Jorgrun, wielding a staff of earth and wearing a +1 robe of fire resistance (almost dead, chance to defeat MR: 2%) Jorgrun resists with almost no effort.
Jorgrun casts a spell at you. The iron shot hits you!!!
You die...

#..†# #..# ,,*
#...# #..# ,
#...# *, * * *
#...# , * ,
#..)# , #
#...# *, * #.
#...# * ,
*####..###...#
*, ,
......g♣....#
*, *
#############
*


You could see Jorgrun.

Levels and vault maps discovered:
D:1:      mrwooster_arrival_arrow, layout_loops_ring
D:2:      layout_basic, amethyst_overflow_temple_binary,
          chequers_ecumenical_altar_simple_redux
D:3:      layout_basic, grunt_gozag_breadcrumbs, gammafunk_temple_overflow_claw,
          okawaru_metal_pillars_1_2
D:4:      layout_loops_ring, roderic_serpentine_path,
          nicolae_dithmenos_through_a_glass_darkly
D:5:      layout_loops_ring, first_ration, uniq_ijyb, uniq_menkaure
D:6:      layout_rooms, grunt_temple_overflow_forces_of_nature, fountainhead
D:7:      layout_basic, minmay_temple_entry_offerings, grunt_ogre_cave,
          minmay_misc_feat_tiny
D:8:      layout_loops_corners, makhleb_grotto_becter,
          onia_ninara_dug_in_and_dangerous, uniq_pikel
D:9:      layout_cave_pods, erik_lair_orcish_takeover, uniq_joseph,
          uniq_maurice, uniq_maggie, uniq_psyche
D:10:     layout_basic, serial_shops, shop, bloody_trog
D:11:     layout_loops_corners, david_orc_2, serial_shops, shop,
          serial_bayou_pond_c, uniq_sonja
D:12:     layout_roguey
D:13:     layout_long_grid, uniq_jorgrun
Temple:   nicolae_temple_hex_pool
Lair:1:   layout_hall_layers, portal_ice_cave_entry_pillars_2,
          grunt_megastairs_4
Lair:2:   layout_loops_ring
Lair:3:   lemuel_slime, layout_hall_layers, swamp_mist, spider_nest_entry_a
Lair:4:   layout_gridlike, bobbens_dragon_lair_wall, infiniplex_staircase_pool
Lair:5:   layout_gridlike, minmay_slime_entry_oklob_open
Lair:6:   gammafunk_lair_ancient_temple, layout_misc_corridors, special_room
          [special_room_jelly], chequers_serial_rivers_micro_b

Notes
Turn   | Place    | Note
-------+----------+-------------------------------------------
     0 | D:1      | tbh1313 the Gargoyle Fighter began the quest for the Orb.
     0 | D:1      | Reached XP level 1. HP: 14/14 MP: 1/1
   162 | D:1      | Reached XP level 2. HP: 15/19 MP: 2/2
   625 | D:1      | Reached XP level 3. HP: 23/23 MP: 3/3
   719 | D:2      | Found a faded altar of an unknown god.
  1068 | D:2      | Reached XP level 4. HP: 23/28 MP: 4/4
  1148 | D:2      | Found a sacrificial altar of Ru.
  1148 | D:2      | Found a snail-covered altar of Cheibriados.
  1720 | D:3      | Found an iron altar of Okawaru.
  2180 | D:3      | Found an opulent altar of Gozag.
  2215 | D:3      | Reached skill level 5 in Maces & Flails
  2229 | D:3      | Reached XP level 5. HP: 31/32 MP: 3/5
  2290 | D:3      | Found a basalt altar of Yredelemnul.
  2290 | D:3      | Found a shadowy altar of Dithmenos.
  2291 | D:3      | Found a sparkling altar of Nemelex Xobeh.
  2736 | D:4      | Found a shadowy altar of Dithmenos.
  2781 | D:4      | Noticed a phantom
  2807 | D:4      | Killed a phantom
  2807 | D:4      | Reached XP level 6. HP: 26/37 MP: 4/6
  2991 | D:4      | Noticed a phantom
  3023 | D:4      | Killed a phantom
  3390 | D:5      | Entered Level 5 of the Dungeon
  3415 | D:4      | Reached XP level 7. HP: 34/41 MP: 5/7
  3665 | D:5      | Noticed Menkaure
  3674 | D:5      | Killed Menkaure
  3771 | D:5      | Got a faintly glowing leather armour
  3789 | D:5      | Noticed Ijyb
  3809 | D:5      | Killed Ijyb
  4126 | D:5      | Reached XP level 8. HP: 46/46 MP: 2/8
  4635 | D:6      | Identified the +0 leather armour of the Tormentor {rC-
                  | Regen+ Dex+4} (You found it on level 5 of the Dungeon)
  4658 | D:6      | Found a stormy altar of Qazlal.
  4692 | D:6      | Reached skill level 10 in Maces & Flails
  5026 | D:6      | Reached XP level 9. HP: 37/51 MP: 6/9
  5339 | D:6      | Found a blossoming altar of Fedhas.
  5920 | D:7      | Found a staircase to the Ecumenical Temple.
  5933 | Temple   | Entered the Ecumenical Temple
  5994 | Temple   | Became a worshipper of Ashenzari the Shackled
  6373 | D:7      | Reached skill level 5 in Fighting
  6929 | D:8      | Found a burning altar of Makhleb.
  7292 | D:8      | Noticed a cyan ugly thing
  7293 | D:8      | Noticed a deep elf knight
  7413 | D:8      | Noticed Pikel
  7441 | D:8      | Killed Pikel
  7441 | D:8      | Reached XP level 10. HP: 64/65 MP: 10/10
  7612 | D:8      | Reached skill level 11 in Shields
  7612 | D:8      | Reached XP level 11. HP: 69/69 MP: 11/11
  7655 | D:9      | Found a staircase to the Lair.
  7751 | D:9      | Reached * piety under Ashenzari
  7751 | D:9      | Noticed Maurice
  7780 | D:8      | Killed Maurice
  8095 | D:9      | Reached skill level 12 in Shields
  8118 | D:9      | Noticed Psyche
  8125 | D:9      | Killed Psyche
  8184 | D:9      | Noticed Maggie
  8231 | D:9      | Killed Maggie
  8435 | D:9      | Noticed Joseph
  8442 | D:9      | Killed Joseph
  8727 | D:9      | Reached skill level 13 in Shields
  9085 | Lair:1   | Entered Level 1 of the Lair of Beasts
  9126 | Lair:1   | Found a frozen archway.
  9132 | IceCv    | Entered an ice cave
 10011 | IceCv    | Reached skill level 14 in Shields
 10231 | IceCv    | Noticed a reaper
 10252 | IceCv    | HP: 3/69 [something (7)]
 10677 | Lair:1   | Reached XP level 12. HP: 68/75 MP: 12/12
 10739 | Lair:1   | Identified the Grimoire of Dislocation and Stolen Souls
 11113 | Lair:1   | Reached ** piety under Ashenzari
 11182 | Lair:1   | Noticed a four-headed hydra
 11196 | Lair:1   | Killed a four-headed hydra
 11468 | Lair:1   | Noticed an eight-headed hydra
 11488 | Lair:1   | Killed an eight-headed hydra
 12325 | Lair:2   | Reached skill level 5 in Throwing
 12360 | Lair:2   | Reached *** piety under Ashenzari
 13312 | Lair:3   | Reached skill level 1 in Dodging
 13484 | Lair:3   | Found a staircase to the Swamp.
 13582 | Lair:3   | Reached **** piety under Ashenzari
 13582 | Lair:3   | Found a hole to the Spider Nest.
 13603 | Lair:3   | Reached XP level 13. HP: 72/79 MP: 13/13
 13993 | Lair:3   | Reached skill level 5 in Dodging
 16745 | Lair:4   | Reached skill level 15 in Shields
 17550 | Lair:4   | Reached skill level 16 in Shields
 17925 | Lair:5   | Found a staircase to the Slime Pits.
 17982 | Lair:5   | Reached ***** piety under Ashenzari
 18290 | Lair:6   | Entered Level 6 of the Lair of Beasts
 18572 | Lair:6   | Noticed an azure jelly
 18572 | Lair:6   | Noticed a death ooze
 18572 | Lair:6   | Noticed an acid blob
 18729 | D:10     | Entered Level 10 of the Dungeon
 18815 | D:10     | Found a bloodstained altar of Trog.
 18933 | D:10     | Found Jonniloo's Book Emporium.
 19116 | D:10     | Identified a scroll of acquirement
 19592 | D:11     | Gained mutation: Your large and strong wings let you fly
                  | indefinitely. [Gargoyle growth]
 19592 | D:11     | Reached XP level 14. HP: 84/84 MP: 14/14
 19608 | D:11     | Found Refutrua's Food Shoppe.
 19727 | D:11     | Found a staircase to the Orcish Mines.
 19779 | D:11     | Reached skill level 17 in Shields
 19800 | D:11     | Noticed Sonja
 19822 | D:11     | Killed Sonja
 21400 | D:12     | Reached skill level 18 in Shields
 21916 | D:13     | Identified the +5 war axe "Xeng" {protect, Int+3 SInv}
 22073 | D:13     | Noticed Jorgrun
 22099 | D:13     | Killed from afar by Jorgrun

Table legend:
 A = Turns spent in this place as a percentage of turns spent in the entire game.
 B = Non-inter-level travel turns spent in this place as a percentage of non-inter-level travel turns spent in the entire game.
 C = Inter-level travel turns spent in this place as a percentage of turns spent in this place.
 D = Turns resting spent in this place as a percentage of non-inter-level travel turns spent in this place.
 E = Turns spent auto-exploring this place as a percentage of non-inter-level travel turns spent in this place.
 F = Non-inter-level travel turns spent in this place divided by the number of levels of this place that you've seen.
                   A       B       C       D       E      F
               +-------+-------+-------+-------+-------+----------------------
         Total | 100.0 | 100.0 |   2.9 |  27.2 |  45.1 | 1021.9
       Dungeon |  56.1 |  56.4 |   2.5 |  16.1 |  54.1 | 930.5
        Temple |   0.4 |   0.4 |   6.1 |   0.0 |  85.7 |  77.0
          Lair |  37.0 |  36.6 |   4.0 |  36.6 |  38.5 | 1308.2
      Ice Cave |   6.5 |   6.7 |   0.0 |  71.5 |   2.9 | 1438.0
               +-------+-------+-------+-------+-------+----------------------

Table legend:
 A = Kills in this place as a percentage of kills in entire the game.
 B = Kills by you in this place as a percentage of kills by you in the entire game.
 C = Kills by friends in this place as a percentage of kills by friends in the entire game.
 D = Other kills in this place as a percentage of other kills in the entire game.
 E = Experience gained in this place as a percentage of experience gained in the entire game.
 F = Experience gained in this place divided by the number of levels of this place that you have seen.
                   A       B       C       D       E      F
               +-------+-------+-------+-------+-------+----------------------
         Total | 100.0 | 100.0 | 100.0 | 100.0 | 100.0 | 3235.6
       Dungeon |  68.4 |  68.4 |   0.0 |  87.5 |  44.4 | 2318.7
          Lair |  28.3 |  28.4 | 100.0 |   0.0 |  51.7 | 5853.5
      Ice Cave |   3.3 |   3.2 |   0.0 |  12.5 |   3.9 | 2683.0
               +-------+-------+-------+-------+-------+----------------------

Action                   |  1- 3 |  4- 6 |  7- 9 | 10-12 | 13-15 || total
-------------------------+-------+-------+-------+-------+-------++-------
Melee: Whip              |   222 |   287 |   640 |  1127 |  1556 ||  3832
       Flail             |    13 |       |       |       |       ||    13
       Unarmed           |       |       |       |    15 |       ||    15
Throw: Javelin           |       |       |     1 |     6 |     5 ||    12
Invok: Curse Item        |       |       |     5 |     1 |     2 ||     8
 Abil: Fly               |       |       |       |       |     1 ||     1
Evoke: Wand              |       |     1 |     2 |    10 |     2 ||    15
  Use: Scroll            |     6 |     5 |    11 |    13 |     8 ||    43
       Potion            |       |     1 |     1 |     6 |     2 ||    10
 Stab: Invisible         |       |       |       |     4 |       ||     4
  Eat: Chunk             |     1 |     7 |     8 |    13 |    11 ||    40
       Ration            |       |       |     3 |     3 |     5 ||    11
Armor: Chain mail        |   233 |   192 |   301 |   297 |   360 ||  1383
       Scale mail        |     3 |       |       |       |       ||     3
       Skin              |       |       |       |       |     2 ||     2
Dodge: Dodged            |   142 |    92 |   201 |   145 |   217 ||   797
Block: Kite shield       |     1 |       |       |   659 |   252 ||   912
       Other             |       |       |     2 |     1 |       ||     3
       Reflection        |       |       |     1 |    29 |    34 ||    64
       Tower shield      |       |       |       |       |  1147 ||  1147

Vanquished Creatures
  5 hydras
  A catoblepas (Lair:4)
  2 two-headed ogres
  A tengu warrior (D:13)
  Pikel (D:8)
  2 lindwurms (Lair:4)
  An oklob plant (Lair:3)
  2 cyclopes
  8 slime creatures
  A black mamba (shapeshifter) (D:13)
  Maurice (D:8)
  5 elephants
  2 ice statues (IceCv)
  3 centaur zombies
  A torpor snail (Lair:3)
  Psyche (D:9)
  4 black mambas
  A gargoyle (D:12)
  Maggie (D:9)
  7 spiny frogs
  5 komodo dragons
  9 rime drakes
  5 ice devils (IceCv)
  6 trolls
  A jumping spider (Lair:3)
  A hornet (D:13)
  4 blink frogs (Lair:3)
  11 hippogriffs
  2 redbacks (Lair:3)
  A wraith (D:9)
  26 yaks
  4 basilisks
  2 wyverns
  10 steam dragons
  2 hungry ghosts
  4 vampire mosquitoes (D:11)
  Menkaure (D:5)
  10 water moccasins
  2 wargs
  An acid dragon (D:13)
  7 porcupines
  4 orc warriors
  2 sky beasts
  A slave (D:8)
  3 black bears
  6 ice beasts
  6 phantoms
  7 ogres
  14 wolves
  4 centaurs
  6 crocodiles
  3 big kobolds
  19 bullfrogs
  7 scorpions
  9 killer bees
  16 wights
  4 howler monkeys
  2 electric eels
  4 crimson imps
  A bullfrog zombie (D:11)
  2 quasits
  5 centaur skeletons
  7 orc priests
  A bullfrog skeleton (D:8)
  9 hounds
  7 jellies
  11 orc wizards
  7 iguanas
  Ijyb (D:5)
  An iron imp (D:8)
  7 worker ants
  A hound zombie (D:10)
  2 worker ant zombies
  4 gnolls (D:9)
  A howler monkey skeleton (D:7)
  14 adders
  2 shadow imps
  4 white imps (IceCv)
  14 oozes
  6 ufetubi (IceCv)
  An adder skeleton (D:6)
  2 worms
  6 leopard geckos
  42 orcs
  7 giant cockroaches
  5 goblins
  9 hobgoblins
  18 jackals
  4 quokkas
  A ball python (D:6)
  7 bats
  6 frilled lizards
  A giant cockroach zombie (D:5)
  24 kobolds
  11 rats
532 creatures vanquished.

Vanquished Creatures (collateral kills)
  A wolf (Lair:1)
  A crocodile (Lair:1)
2 creatures vanquished.

Vanquished Creatures (others)
  Sonja (D:11)
  Joseph (D:9)
  4 centaurs (D:13)
  4 white imps (IceCv)
  6 ufetubi (IceCv)
  2 kobolds (D:9)
  9 fungi
  12 plants
39 creatures vanquished.

Grand Total: 573 creatures vanquished
